Map: Ice and Chrome LE

Players

Vanya - Winner!

  • Race: Zerg Zerg
  • League: Grandmaster
  • Spawn Location: 7:00

ArT

  • Race: Protoss Protoss
  • Spawn Location: 1:00

Event: DreamHack SC2 Masters 2020 Summer Europe

VOD

Have the link to the VOD?

Description

Time

  • Played on: July 4, 2020, 1:21 p.m.
  • Length: 3:53

All games in this series

Show
View Real Time Build Order
Export as new Build Order

Vanya Zerg - Winner!

Build Orders: Hatch First 

Get SALT Encoding   

  12  0:00  Drone  
  13  0:12  Overlord  
  13  0:16  Drone  
  14  0:31  Drone x2  
  16  0:47  Drone  
  17  0:55  Hatchery, Drone  
  17  1:04  Extractor  
  16  1:09  Spawning Pool  
  15  1:13  Drone  
  15  1:17  Drone  
  17  1:20  Drone  
  18  1:31  Drone  
  19  1:40  Drone  
  20  1:51  Overlord  
  20  1:56  Queen  
  22  2:06  Metabolic Boost  
  22  2:07  Queen  
  24  2:08  Zergling x4  
  24  2:15  Zergling x2  
  27  2:17  Zergling x2  
  28  2:27  Zergling x2  
  29  2:34  Hatchery  
  28  2:38  Zergling x2  
  28  2:44  Zergling x2  
  30  2:51  Overlord  
  30  2:52  Zergling x4  
  32  3:05  Zergling x2  
  32  3:06  Zergling x4  
  32  3:08  Overlord  
  32  3:09  Zergling x2  
  32  3:10  Zergling x2  
  37  3:18  Zergling x6  
  40  3:24  Zergling x4  
  42  3:33  Overlord  
Show
View Real Time Build Order
Export as new Build Order

ArT Protoss 

Build Orders: 1 Gate Expand, Phoenix Opening 

Get SALT Encoding   

  12  0:02  Probe  
  13  0:14  Probe  
  13  0:21  Pylon  
  14  0:26  Probe  
  15  0:35  Probe  
  16  0:43  Gateway, Probe  
  17  0:51  Assimilator  
  17  0:53  Probe  
  18  1:05  Probe  
  19  1:17  Probe  
  20  1:30  Nexus  
  20  1:40  Cybernetics Core  
  20  1:43  Probe  
  21  1:48  Assimilator  
  21  1:55  Probe  
  21  1:59  Pylon  
  22  2:07  Adept, Probe  
  23  2:20  Probe, Stargate  
  26  2:28  Probe  
  26  2:36  Probe  
  26  2:37  Adept  
  27  2:39  Probe  
  31  2:47  Probe  
  31  2:48  Probe  
  33  2:58  Probe  
  33  2:59  Phoenix  
  33  3:00  Probe  
  37  3:11  Probe  
  37  3:12  Probe  
  39  3:13  Gateway  
  39  3:18  Pylon  
  39  3:26  Shield Battery  
  39  3:32  Shield Battery  
Tags
 
Add a new tag
Caveats
  • Supply blocks, unpowered buildings, or Contaminate may cause inaccurate times.
  • Supply counts are checked every 10 seconds.